 Dungeon Crawl Stone Soup version 0.31-a0-925-g0a390f2509 (webtiles) character file.

Game seed: 8484485279524774269

635 lunkers the Ruffian (level 8, -8/59 HPs)
             Began as a Meteoran Shapeshifter on Oct 18, 2023.
             Was an Initiate of Uskayaw.
             Mangled by a gnoll
             ... wielding a +0 halberd
             ... led by a gnoll sergeant
              (12 damage)
             ... on level 6 of the Dungeon.
             The game lasted 00:02:38 (1611 turns).

lunkers the Ruffian (Meteoran Shapeshifter)         Turns: 1611, Time: 00:02:39

Health: -8/59      AC:  5    Str: 16    XL:     8   Next: 7%
Magic:  3/12       EV: 11    Int: 12    God:    Uskayaw [......]
Gold:   169        SH:  0    Dex: 15    Spells: 7/7 levels left

rFire   . .          .
                       - Unarmed
rCold   . . .        (no shield)
rNeg    . . .        f - +0 ring mail
rPois   .            (helmet currently unavailable)
rElec   .            (cloak currently unavailable)
rCorr   .            (gloves currently unavailable)
SInv    .            (boots currently unavailable)
Will    +....        (no amulet)
Stlth   +            (no ring)
HPRegen 0.29/turn    (no ring)
MPRegen 0.13/turn

%: no passive effects
@: beast-form, glowing
A: beast (slay +3), sense surroundings 1, otherworldly, glowing, explore regen
a: Begin Untransformation, Renounce Religion


You were on level 6 of the Dungeon.
You worshipped Uskayaw.
Uskayaw was noncommittal.
You were a hulking beast.
You visited 1 branch of the dungeon, and saw 6 of its levels.

You collected 169 gold pieces.

Inventory:

Missiles
 s - a throwing net
Armour
 a - a +0 animal skin
 f - a +0 ring mail (worn)
Jewellery
 q - a +4 ring of slaying
Talismans
 c - a beast talisman (active)
 d - a flux talisman
Wands
 h - a wand of roots (9)
 j - a wand of flame (17)
 o - a wand of quicksilver (5)
 r - a wand of polymorph (8)
Scrolls
 e - 5 scrolls of identify {unknown}
 g - 2 scrolls of teleportation {unknown}
 i - 2 scrolls of immolation {unknown}
 k - 2 scrolls of blinking {unknown}
 m - a scroll of fog {unknown}
 p - a scroll of torment {unknown}
Potions
 b - a potion of lignification
 l - a potion of heal wounds {unknown}
 n - a potion of resistance {unknown}


   Skills:
 - Level 1.1 Fighting
 - Level 2.1 Dodging
 * Level 7.8 Unarmed Combat
 + Level 4.5 Invocations
 + Level 5.6 Shapeshifting


You had 7 spell levels left.
You didn't know any spells.
Your spell library contained the following spells:

 Spells                   Type           Power      Damage    Failure   Level
 Gell's Gravitas          Tloc           0%         N/A       88%         3
 Summon Guardian Golem    Hex/Summ       0%         N/A       88%         3
 Teleport Other           Tloc           0%         N/A       88%         3
 Dispersal                Tloc           0%         N/A       100%        6
 Orb of Destruction       Conj           0%         9d5       100%        7
 Spellforged Servitor     Conj/Summ      0%         N/A       100%        7


Dungeon Overview and Level Annotations

Branches:
Dungeon (6/15) Zot: 2006
 Temple: D:4-7

Altars:
Uskayaw
Vehumet
The Shining One


Innate Abilities, Weirdness & Mutations

You are a hulking beast.
Your limbs bulge with bestial killing power. (Slay +3)
You passively map a small area around you.
You are easily found by Zot.
You glow in the dark.
You regain HP and MP as you explore.


Message History

The gnoll hits you with a +0 halberd. The gnoll barely misses you.
You barely miss the gnoll. The gnoll hits you with a +0 whip.
The gnoll barely misses you. The gnoll closely misses you.
The gnoll sergeant completely misses you.
The gnoll hits you with a +0 spear!
The gnoll hits you from afar with a +0 halberd!
* * * LOW HITPOINT WARNING * * *
You stomp with the beat, sending a shockwave through the revellers around you!
The gnoll is heavily wounded. x2
You kill the gnoll!
The gnoll is severely wounded.
You can no longer stomp with the beat.
The gnoll barely misses you. The gnoll closely misses you.
The gnoll hits you with a +1 flail of holy wrath.
* * * LOW HITPOINT WARNING * * *
The gnoll sergeant barely misses you. The gnoll closely misses you.
You can now stomp with the beat.
Unknown command.
You stomp with the beat, sending a shockwave through the revellers around you!
The gnoll is almost dead.
You kill the gnoll! x2
You can no longer stomp with the beat.
The gnoll sergeant barely misses you.
The gnoll hits you from afar with a +0 halberd.
* * * LOW HITPOINT WARNING * * *
You can now stomp with the beat.
Unknown command.
Unknown command.
The gnoll closely misses you.
The gnoll sergeant hits you with a +0 trident!
* * * LOW HITPOINT WARNING * * *
The gnoll hits you with a +0 halberd!
* * * LOW HITPOINT WARNING * * *
You stomp with the beat, sending a shockwave through the revellers around you!
The gnoll sergeant is moderately wounded.
You kill the gnoll!
The gnoll is moderately wounded.
You can no longer stomp with the beat.
The gnoll sergeant barely misses you. The gnoll hits you with a +0 halberd!
You die...

#########
####....... *
...?....., ,
, ##.......
,, * ,
#....... * ,
* .###...?. *
* * ,
......gg# # *
,#)h#.# *
#).#.##### *
#).)......
##.####### ,*
,, #.# #.# ,
, #.# * , * *
#.# , . #
*####.#######


You could see a gnoll sergeant and a gnoll.

Vanquished Creatures
  A black bear (D:4)
  An ogre (D:4)
  A phantom (D:6)
  A scorpion (D:4)
  2 hounds
  2 orc priests
  7 gnolls
  4 adders
  2 shadow imps
  A white imp (D:3)
  2 dart slugs
  19 orcs
  3 ball pythons
  2 bats (D:2)
  8 endoplasms
  2 giant cockroaches (D:3)
  4 goblins
  4 hobgoblins
  3 kobolds
  2 quokkas
  2 frilled lizards (D:2)
  2 goblin zombies (D:3)
  A hobgoblin zombie (D:3)
  2 kobold zombies (D:3)
  An orc zombie (D:3)
  A rat (D:2)
80 creatures vanquished.

Notes
Turn   | Place    | Note
-------+----------+-------------------------------------------
     0 | D:1      | lunkers the Meteoran Shapeshifter began the quest for the
                  | Orb.
     0 | D:1      | Reached XP level 1. HP: 16/16 MP: 2/2
   134 | D:1      | Reached skill level 4 in Unarmed Combat
   134 | D:1      | Reached XP level 2. HP: 23/23 MP: 3/3
   140 | D:1      | Found a faded altar of an unknown god.
   145 | D:1      | Prayed at the altar of an unknown god.
   145 | D:1      | Became a worshipper of Uskayaw the Reveller
   145 | D:1      | Reached * piety under Uskayaw
   217 | D:1      | Reached ** piety under Uskayaw
   252 | D:2      | Reached XP level 3. HP: 27/28 MP: 4/4
   301 | D:2      | Reached *** piety under Uskayaw
   394 | D:2      | Reached XP level 4. HP: 29/35 MP: 5/5
   495 | D:3      | Reached skill level 1 in Invocations
   616 | D:3      | Found a glowing golden altar of the Shining One.
   627 | D:3      | Reached skill level 5 in Unarmed Combat
   717 | D:3      | Found a hide-covered altar of Uskayaw.
   717 | D:3      | Noticed a +0 spear
   717 | D:3      | Noticed a +0 spear
   717 | D:3      | Noticed a +0 dagger
   780 | D:4      | Noticed a black bear
   791 | D:4      | Killed a black bear
   792 | D:4      | Reached XP level 5. HP: 24/40 MP: 7/7
   792 | D:4      | Reached XP level 6. HP: 28/47 MP: 8/8
   808 | D:4      | Found a radiant altar of Vehumet.
   815 | D:4      | Reached **** piety under Uskayaw
   816 | D:4      | Reached skill level 6 in Unarmed Combat
  1115 | D:4      | Noticed an ogre
  1122 | D:4      | Killed an ogre
  1123 | D:4      | Reached skill level 5 in Shapeshifting
  1123 | D:4      | Reached XP level 7. HP: 52/52 MP: 10/10
  1152 | D:4      | Reached ***** piety under Uskayaw
  1218 | D:4      | Reached skill level 7 in Unarmed Combat
  1247 | D:5      | Identified the of Losi
  1247 | D:5      | Entered Level 5 of the Dungeon
  1547 | D:6      | Reached XP level 8. HP: 46/59 MP: 12/12
  1611 | D:6      | Mangled by a gnoll

Illustrated notes

Levels and vault maps discovered:
D:1:      dpeg_arrival_erosion, layout_basic,
          shapermc_ecumenical_altar_hornbeckon
D:2:      layout_rooms, serial_forest, infiniplex_forest_3_way,
          infiniplex_forest_end_1, infiniplex_forest_clump_double,
          infiniplex_forest_3_way, infiniplex_forest_side_room,
          infiniplex_forest_fountain, infiniplex_forest_corner_1,
          infiniplex_forest_lined_2, infiniplex_forest_clump_small,
          infiniplex_forest_zigzag_2, palyth_stone_intersect
D:3:      layout_basic, nicolae_tso_besieged_by_evil, nicolae_uskayaw_en_pointe
D:4:      minmay_chambers_of_threes, layout_basic, vehumet_altar_wand_db
D:5:      layout_loops_ring, kennysheep_little_box, kennysheep_mini,
          minmay_temple_entry_antechambers, minmay_misc_feat_hallway
D:6:      layout_loops_ring, nicolae_dithmenos_the_darkroom, serial_shops,
          kennysheep_mini_moat, kennysheep_generic_room_4

Skill      XL: |  1  2  3  4  5  6  7 |
---------------+----------------------+-----
Unarmed Combat | 4 5 6 7 |  7.8
Shapeshifting  | 4 5 |  5.6
Invocations    | 2 3 4 |  4.5
Fighting       | |  1.1
Dodging        | |  2.1

Action                     |  1- 3 |  4- 6 |  7- 9 || total
---------------------------+-------+-------+-------++-------
  Melee: Unarmed           |    49 |    78 |    78 ||   205
         Punch             |     1 |     2 |     2 ||     5
 Invoke: Stomp             |       |     1 |     5 ||     6
   Stab: Paralysed         |     1 |     1 |     3 ||     5
 Armour: Ring mail         |    32 |    46 |    61 ||   139
  Dodge: Dodged            |    27 |    33 |    56 ||   116

Table legend: (Time is in decaauts)
 A = Elapsed time spent in this place.
 B = Non-inter-level travel time spent in this place.
 C = Inter-level travel time spent in this place.
 D = Time resting spent in this place.
 E = Time spent auto-exploring this place.
 F = Levels seen in this place.
 G = Mean time per level.
                   A        B        C        D        E       F      G
               +--------+--------+--------+--------+--------+-----+--------+
         Total |   1592 |   1468 |    124 |      0 |   1056 |   6 |  265.3 |
       Dungeon |   1592 |   1468 |    124 |      0 |   1056 |   6 |  265.3 |
               +--------+--------+--------+--------+--------+-----+--------+

Top non-repeatable levels by time:
     D:4: 473 daAuts
     D:3: 273 daAuts
     D:5: 265 daAuts
     D:1: 248 daAuts
     D:2: 239 daAuts
     D:6: 91 daAuts
